AoeStats
← arthur

Arabia

504807328Analyzed
1v1 RM · 25d ago on Sep 6, 2026· 20m 11s· 2 players
Game mode
Random Map
Map size
Tiny (2 player)
Population
200
Speed
Normal
Resources
Standard
Victory
Conquest
Starting age
Dark Age
Ending age
Imperial Age
RankedLock teamsTeams togetherTeam positionsShared explorationLock speedFull tech treeHidden civsTurbo modeCheats
Victory
Defeat
🇫🇷 Khmer · France
1549
+15
🇹🇷 Persians · Türkiye
1520
-15
EarlyQuitter
5:38 Loom
8:31 Feudal Age
9:14 Double-Bit Axe
11:34 Horse Collar
16:48 Scale Mail Armor
19:39 Castle Age
19:15 Fletching
19:56 Bloodlines
arthur
8:11 Loom
11:55 Feudal Age
14:38 Castle Age
12:30 Double-Bit Axe
12:49 Horse Collar
18:02 Scale Barding Armor
19:15 Bloodlines
Connection lost

Rejoining the realm…

Still unreachable

The connection could not be restored.

Session expired

The server has moved on; the page needs a fresh start.